 Dungeon Crawl Stone Soup version 0.26-a0-695-g987792ac36 (webtiles) character file.

Game seed: 17798590606808650301

12302 runemasterragnar the Covert (level 11, 0/73 (74) HPs)
             Began as an Octopode Fighter on Oct 25, 2020.
             Was a High Priest of Dithmenos.
             Slain by a yaktaur captain
             ... wielding a +0 club
              (15 damage)
             ... on level 8 of the Dungeon.
             The game lasted 00:21:06 (14331 turns).

runemasterragnar the Covert (Octopode Fighter)     Turns: 14331, Time: 00:21:06

HP:   0/73 (74)     AC:  5    Str: 16    XL:     11   Next: 91%
MP:   14/14         EV: 15    Int: 13    God:    Dithmenos [*****.]
Gold: 341           SH: 10    Dex: 12    Spells: 13/15 levels left

rFire    . . .     SeeInvis .   G - +3 scimitar (flame)
rCold    . . .     Faith    .   b - +0 kite shield
rNeg     + . .     Spirit   .   (helmet restricted)
rPois    .         Reflect  .   x - amulet of the acrobat
rElec    .         Harm     .   j - ring of positive energy
rCorr    .         Rampage  .   E - +4 ring of protection
MR       .....                  A - ring of flight
Stlth    ++++++++..             (no ring)
HPRegen  0.22/turn              (no ring)
MPRegen  0.14/turn              (no ring)
                                (no ring)
                                (no ring)

@: wreathed by umbra
A: almost no armour, stealthy swim, amphibious, 8 rings, constrict 8, camouflage
1, gelatinous body 1
a: Shadow Step, Shadow Form, Renounce Religion, Evoke Flight


You were on level 8 of the Dungeon.
You worshipped Dithmenos.
Dithmenos was extremely pleased with you.
You visited 2 branches of the dungeon, and saw 11 of its levels.
You also visited: Sewer.

You collected 601 gold pieces.
You spent 260 gold pieces at shops.

Inventory:

Hand Weapons
 o - a +1 short sword of freezing
 t - a +0 hunting sling of flaming
 y - a +1 dagger of draining
 C - a cursed +0 dagger
 G - a +3 scimitar of flaming (weapon)
Missiles
 d - 16 boomerangs
 w - 9 poisoned darts (quivered)
 N - 4 javelins
 O - 2 throwing nets
Armour
 b - a +0 kite shield (worn)
Jewellery
 j - a ring of positive energy (left tentacle)
 x - an amulet of the acrobat (around mantle)
 A - a ring of flight (on tentacle)
 E - a +4 ring of protection (right tentacle)
Wands
 u - a wand of polymorph (8)
 B - a wand of acid (1)
 F - a wand of paralysis (1)
 J - a wand of disintegration (4)
 M - a wand of random effects (41)
Scrolls
 e - 7 scrolls of remove curse
 g - 4 scrolls of enchant armour
 k - 2 scrolls of teleportation
 l - 3 scrolls of fear
 m - a scroll of immolation
 n - a scroll of amnesia
 s - 3 scrolls of blinking
 v - a scroll of fog
 P - a scroll of random uselessness {unknown}
Potions
 c - 3 potions of might
 f - 3 potions of ambrosia
 h - 3 potions of heal wounds
 i - 2 potions of haste
 p - 2 potions of lignification
 q - 9 potions of curing
 r - 2 potions of magic
 z - 2 potions of resistance
 D - 2 potions of brilliance
 I - a potion of degeneration {unknown}
Miscellaneous
 H - a condenser vane (1/2)


   Skills:
 + Level 6.7 Fighting
 + Level 8.3 Long Blades
 + Level 5.9 Throwing
 + Level 6.7 Dodging
 + Level 8.5 Stealth
 + Level 6.8 Shields
 + Level 5.9 Unarmed Combat
 + Level 2.5 Spellcasting
 * Level 4.1 Translocations
 - Level 4.4 Invocations
 - Level 5.0 Evocations


You had 13 spell levels left.
You knew the following spells:

 Your Spells              Type           Power        Failure   Level
a - Blink                 Tloc           N/A          21%         2

Your spell library contained the following spells:

 Spells                   Type           Power        Failure   Level
 Magic Dart               Conj           #...         56%         1
 Call Imp                 Summ           #.......     71%         2
 Slow                     Hex            #.......     71%         2
 Conjure Flame            Conj/Fire      #.......     91%         3
 Mephitic Cloud           Conj/Pois/Air  #.......     91%         3


Dungeon Overview and Level Annotations

Branches:
Dungeon (10/15)            Temple (0/1) D:4            Lair (1/6) D:10
  Sewer (visited)
    Orc: D:9-12

Altars:
Cheibriados
Dithmenos
Fedhas
Gozag
Hepliaklqana
Kikubaaqudgha
Makhleb
Sif Muna
Trog
Vehumet

Shops:
D:6 *   D:7 }

Annotations:
D:3 1 runed translucent door, Crazy Yiuf


Innate Abilities, Weirdness & Mutations

You cannot wear most types of armour.
You are very stealthy in the water. (Stealth+)
You are amphibious.
You can wear up to eight rings at the same time.
You can use your tentacles to constrict eight enemies at once.
Your skin changes colour to match your surroundings (Stealth+).
Your rubbery body absorbs attacks. (AC +1, EV +1)


Message History

You slash the yaktaur captain! You burn the yaktaur captain.
You squeeze the yaktaur captain, but do no damage.
The yaktaur captain is heavily wounded.
The worker ant zombie closely misses you.
The gnoll throws a stone.
The stone hits you!
Unknown command.
You barely miss the yaktaur captain. You squeeze the yaktaur captain.
The yaktaur captain is heavily wounded.
The yaktaur captain hits you with a +0 club!!
* * * LOW HITPOINT WARNING * * *
The worker ant zombie misses you.
Unknown command.
You slash the yaktaur captain! You burn the yaktaur captain.
The yaktaur captain is heavily wounded.
The killer bee zombie closely misses you.
You riposte.
You barely miss the killer bee zombie. You grab the killer bee zombie.
You squeeze the killer bee zombie!
The killer bee zombie is moderately damaged.
The yaktaur captain hits you with a +0 club!
You die...

.......##'#'#'#'###.#
......###.#...#.###.##
.......##.8...8?##8.8#
......##.........##.##
.......#.........##.#
#.....##.........##.##
###....#.........#8.8#
....).##.........##(##
.#.....#....⌠g.Z@('.#
##....##.......cZ##.##
#......#.........#8.8#
......##.........##.##
.......#.........##.#
......##.........##.##
.......##.8...8.##8.8#
......###.#...#.###.##
.......##+#+#+#+###.#


You could see a yaktaur captain, a gnoll, a worker ant zombie and a killer bee
zombie.

Vanquished Creatures
  Harold (D:7)
  Erica (D:8)
  3 two-headed ogres
  An unseen horror (D:8)
  2 cane toads (Lair:1)
  Maggie (D:6)
  4 centaur skeletons
  3 trolls
  8 yaks
  A wraith (D:8)
  Menkaure (D:7)
  Duvessa (D:7)
  2 water moccasins
  3 orc warriors
  A sky beast (D:8)
  2 ice beasts
  2 phantoms
  A necrophage (D:8)
  An ogre (D:5)
  7 wolves
  4 centaurs
  2 bullfrogs (D:10)
  2 scorpions
  Dowan (D:7)
  5 killer bees
  2 electric eels (D:10)
  4 wights
  A bullfrog zombie (D:8)
  5 human zombies (D:8)
  A quasit (D:10)
  A centaur zombie (D:7)
  11 hounds
  A jelly (D:9)
  6 orc priests
  A gnoll shaman (D:8)
  A bullfrog skeleton (D:4)
  6 orc wizards
  3 iguanas
  9 worker ants
  19 gnolls
  A howler monkey zombie (D:5)
  18 adders
  A river rat (Sewer)
  2 shadow imps
  3 white imps
  3 ufetubi
  An ooze (D:2)
  3 adder skeletons
  7 worms
  A dart slug (D:3)
  10 leopard geckos
  46 orcs
  5 ball pythons (Sewer)
  10 giant cockroaches
  6 goblins
  4 hobgoblins
  12 jackals
  4 quokkas
  7 bats
  11 frilled lizards
  8 kobolds
  A leopard gecko skeleton (D:4)
  An orc zombie (D:8)
  A quokka skeleton (D:5)
  17 rats
314 creatures vanquished.

Vanquished Creatures (others)
  A white imp (D:10)
  An orc (D:10)
  5 fungi (Lair:1)
  15 plants
  5 withered plants (D:9)
27 creatures vanquished.

Grand Total: 341 creatures vanquished

Notes
Turn   | Place    | Note
-------+----------+-------------------------------------------
     0 | D:1      | runemasterragnar the Octopode Fighter began the quest for
                  | the Orb.
     0 | D:1      | Reached XP level 1. HP: 16/16 MP: 1/1
   264 | D:1      | Reached XP level 2. HP: 21/21 MP: 2/2
   678 | D:1      | Reached skill level 1 in Stealth
  1188 | D:2      | Reached XP level 3. HP: 22/26 MP: 3/3
  1300 | D:2      | Found a shadowy altar of Dithmenos.
  1307 | D:2      | Noticed a scorpion
  1313 | D:2      | Killed a scorpion
  1313 | D:2      | Reached skill level 1 in Throwing
  1313 | D:2      | Reached skill level 1 in Unarmed Combat
  1313 | D:2      | Reached XP level 4. HP: 17/31 MP: 4/4
  1326 | D:2      | Became a worshipper of Dithmenos the Shadowed
  1534 | D:2      | Reached XP level 5. HP: 33/36 MP: 5/5
  1600 | D:2      | Found a snail-covered altar of Cheibriados.
  1732 | D:2      | Noticed a moth of wrath
  1735 | D:2      | Found a bloodstained altar of Trog.
  2300 | D:3      | Found a glowing drain.
  2323 | Sewer    | Entered a sewer
  2483 | Sewer    | Reached * piety under Dithmenos
  2483 | Sewer    | Reached XP level 6. HP: 42/42 MP: 6/6
  3178 | D:3      | Found a hazy altar of Hepliaklqana.
  3465 | D:3      | Found a runed translucent door.
  3466 | D:3      | Noticed Crazy Yiuf
  3577 | D:3      | Reached ** piety under Dithmenos
  4709 | D:4      | Reached XP level 7. HP: 23/47 MP: 7/7
  4909 | D:4      | Reached skill level 1 in Invocations
  5139 | D:4      | Reached skill level 1 in Evocations
  5527 | D:4      | Found a staircase to the Ecumenical Temple.
  5941 | D:4      | Found a shimmering blue altar of Sif Muna.
  6004 | D:5      | Entered Level 5 of the Dungeon
  6025 | D:5      | Reached *** piety under Dithmenos
  6596 | D:5      | Reached XP level 8. HP: 54/54 MP: 9/9
  7194 | D:6      | Noticed Maggie
  7209 | D:6      | Killed Maggie
  7209 | D:6      | Reached skill level 5 in Long Blades
  7452 | D:6      | Found an opulent altar of Gozag.
  7456 | D:6      | Found Gozag's Platinum Reserve.
  7960 | D:7      | Reached **** piety under Dithmenos
  8051 | D:7      | Noticed a two-headed ogre
  8189 | D:7      | Killed a two-headed ogre
  8189 | D:7      | Reached skill level 5 in Stealth
  8189 | D:7      | Reached XP level 9. HP: 60/60 MP: 11/11
  8235 | D:7      | Found Xeyroick's Gadget Shoppe.
  8258 | D:7      | Reached skill level 5 in Shields
  8728 | D:7      | Noticed Harold
  8743 | D:7      | Killed Harold
  8743 | D:7      | Reached skill level 5 in Fighting
  8743 | D:7      | Reached skill level 5 in Dodging
  8854 | D:7      | Noticed Menkaure
  8864 | D:7      | Killed Menkaure
  8903 | D:7      | Noticed Duvessa
  8903 | D:7      | Noticed Dowan
  8910 | D:7      | Killed Dowan
  8911 | D:7      | Killed Duvessa
  8911 | D:7      | Reached XP level 10. HP: 63/66 MP: 11/13
  9069 | D:8      | Noticed Erica
  9273 | D:8      | Killed an unseen horror
  9561 | D:8      | Noticed a yaktaur captain
  9921 | D:7      | Bought a condenser vane (2/2) for 260 gold pieces
  9930 | D:8      | Noticed a two-headed ogre
  9949 | D:8      | Killed a two-headed ogre
 10462 | D:9      | Found an ancient bone altar of Kikubaaqudgha.
 10462 | D:9      | Found a blossoming altar of Fedhas.
 10553 | D:9      | Reached skill level 5 in Unarmed Combat
 10617 | D:9      | Reached skill level 5 in Throwing
 10638 | D:9      | Learned a level 2 spell: Blink
 10664 | D:9      | Reached skill level 5 in Evocations
 10810 | D:9      | Reached skill level 1 in Translocations
 10810 | D:9      | Reached XP level 11. HP: 72/72 MP: 14/14
 11042 | D:9      | Found a burning altar of Makhleb.
 11290 | D:10     | Entered Level 10 of the Dungeon
 11424 | D:10     | Reached skill level 1 in Spellcasting
 11675 | D:10     | Found a staircase to the Lair.
 11699 | D:10     | Found a radiant altar of Vehumet.
 11751 | D:10     | Reached ***** piety under Dithmenos
 12248 | Lair:1   | Entered Level 1 of the Lair of Beasts
 13786 | D:8      | Noticed a two-headed ogre
 13808 | D:8      | Killed Erica
 13930 | D:8      | Killed a two-headed ogre
 14331 | D:8      | Slain by a yaktaur captain

Illustrated notes

Levels and vault maps discovered:
D:1:      tarquinn_simple_flora_water_c, layout_basic, minmay_misc_feat_rugged
D:2:      layout_loops_ring, grunt_dithmenos_smoke, overflow_temple_1_default,
          tgw_trog, minmay_misc_feat_more_columns
D:3:      layout_basic, lemuel_crystal_altar, gup_sewer_entry_glass,
          minmay_mini_jars, uniq_crazy_yiuf_cottage
D:4:      layout_basic, lemuel_blue_sif_altar,
          minmay_temple_entry_enclosed_plants
D:5:      layout_loops_cross
D:6:      layout_basic, nicolae_gozag_zags_fifth_avenue, uniq_maggie
D:7:      layout_gridville, serial_shops, shop_fountains, uniq_menkaure,
          uniq_harold, uniq_duvessa
D:8:      wad_statue_garden, layout_cave_pools,
          lemuel_mausoleum_altar_yredelemnul, uniq_erica
D:9:      layout_long_grid, grunt_temple_overflow_growth_and_decay,
          bloody_makhleb
D:10:     kennysheep_windowed_halls, layout_loops_ring, erik_lair_island,
          kennysheep_flooded_box, minmay_misc_feat_enclosed
Lair:1:   layout_loops_ring

Skill      XL: |  1  2  3  4  5  6  7  8  9 10 11 |
---------------+----------------------------------+-----
Stealth        | 1 2 3 4 5 6 7 8 |  8.5
Throwing       | 1 2 3 4 5 |  5.9
Unarmed Combat | 1 2 3 4 5 |  5.9
Long Blades    | 3 4 6 7 8 |  8.3
Invocations    | 2 3 4 |  4.4
Evocations     | 1 3 5 |  5.0
Shields        | 4 5 6 |  6.8
Fighting       | 4 5 6 |  6.7
Dodging        | 4 5 6 |  6.7
Translocations | 1 4 |  4.1
Spellcasting   | 2 |  2.5

Action                   |  1- 3 |  4- 6 |  7- 9 | 10-12 || total
-------------------------+-------+-------+-------+-------++-------
Melee: Long sword        |    44 |   195 |   162 |   198 ||   599
       Constrict         |    11 |    69 |    46 |    51 ||   177
       Tentacles         |    10 |    36 |    53 |    99 ||   198
       Punch             |     1 |     3 |     2 |    15 ||    21
       Dagger            |       |       |    10 |    90 ||   100
       Short sword       |       |       |     4 |     7 ||    11
       Scimitar          |       |       |       |    42 ||    42
Throw: Dart              |       |       |     8 |    25 ||    33
       Throwing net      |       |       |       |     1 ||     1
       Javelin           |       |       |       |     3 ||     3
Evoke: Wand              |       |       |       |    23 ||    23
       Condenser vane    |       |       |       |     2 ||     2
  Use: Potion            |       |     2 |     1 |     3 ||     6
       Scroll            |       |     7 |     2 |    11 ||    20
 Stab: Sleeping          |     1 |    20 |    25 |    17 ||    63
       Paralysed         |       |       |       |     8 ||     8
       Distracted        |       |       |       |     2 ||     2
Armor: Skin              |     4 |    10 |     8 |    40 ||    62
Dodge: Dodged            |    18 |   117 |    88 |   235 ||   458
Block: Kite shield       |    15 |    75 |    70 |   157 ||   317
       Rpst.: Long sword |     4 |    38 |    29 |    42 ||   113
       Scimitar          |       |       |       |    11 ||    11

Table legend: (Time is in decaauts)
 A = Elapsed time spent in this place.
 B = Non-inter-level travel time spent in this place.
 C = Inter-level travel time spent in this place.
 D = Time resting spent in this place.
 E = Time spent auto-exploring this place.
 F = Levels seen in this place.
 G = Mean time per level.
                   A        B        C        D        E       F      G
               +--------+--------+--------+--------+--------+-----+--------+
         Total |  14461 |  14041 |    420 |   2180 |   9067 |  12 | 1205.1 |
       Dungeon |  12544 |  12124 |    420 |   1477 |   8167 |  10 | 1254.4 |
          Lair |   1348 |   1348 |      0 |    703 |    476 |   1 | 1348.0 |
         Sewer |    567 |    567 |      0 |      0 |    424 |   1 |  567.0 |
               +--------+--------+--------+--------+--------+-----+--------+

Top non-repeatable levels by time:
     D:3: 1727 daAuts
     D:4: 1705 daAuts
     D:7: 1643 daAuts
     D:8: 1509 daAuts
  Lair:1: 1348 daAuts
     D:2: 1140 daAuts
     D:1: 1114 daAuts
     D:5: 1031 daAuts
     D:9: 1015 daAuts
    D:10: 974 daAuts
     D:6: 681 daAuts
   Sewer: 567 daAuts
